Cogmind - Beta 14 @@@ ROGUE MODE // 2025.03.11 @ 00:06:26 Player: Leech Result: Destroyed by L-31 Rogue with Katana Performance ------------- Evolutions (0) 0 Regions Visited (4) 800 Robots Destroyed (19) 95 Value Destroyed (420) 420 Prototype IDs (28) 560 Alien Tech Used (0) 0 Bonus (300) 300 TOTAL SCORE: 2175 Bonus ------- Aligned with FarCom 300 Cogmind --------- Core Integrity 0/250 Matter 242/300 Energy 100/100 System Corruption 1% Temperature Cool (0) Movement Core (200) Ox3 Location -9/Mines Parts ------- > --- POWER (1) -------- (None) > --- PROPULSION (2) --- (None) > --- UTILITY (2) ------ Medium Storage Unit > --- WEAPON (2) ------- (None) > --- INVENTORY (10) --- Flying Fortress v7 Signal Interpreter Utility Shielding Peak State ------------ > --- POWER ------------ Light Ion Engine > --- PROPULSION ------- Light Treads Light Treads > --- UTILITY ---------- Small Storage Unit Sensor Array > --- WEAPON ----------- Particle Gun Light Assault Rifle > --- INVENTORY -------- Ion Engine Flying Fortress v7 Signal Interpreter Utility Shielding Rocket Launcher [Rating: 11] Favorites ----------- Power Ion Engine Engine Ion Engine Propulsion Light Treads Treads Light Treads Leg Aluminum Leg Utility Small Storage Unit Device Sensor Array Storage Small Storage Unit Processor Signal Interpreter Weapon Light Assault Rifle Energy Gun Medium Laser Ballistic Gun Light Assault Rifle Launcher Rocket Launcher Build | -11 -10 -10 -10 -9 ------- Run | Yrd Mat Min Exi Min Slots Evolved . | . . . . . Power . | . . . . . Propulsion . | . . . . . Utility . | . . . . . Weapon . | . . . . . Parts Attached 24 | 7 5 7 1 4 Power 4 | 1 1 1 . 1 Engine 4 | 1 1 1 . 1 Core . | . . . . . Reactor . | . . . . . Propulsion 4 | 2 . 2 . . Treads 2 | . . 2 . . Leg 2 | 2 . . . . Wheel . | . . . . . Hover . | . . . . . Flight . | . . . . . Utility 4 | 1 2 . 1 . Device 1 | . 1 . . . Storage 2 | 1 . . 1 . Processor 1 | . 1 . . . Hackware . | . . . . . Protection . | . . . . . Artifact . | . . . . . Weapon 12 | 3 2 4 . 3 Energy Gun 8 | 2 2 3 . 1 Energy Cannon . | . . . . . Ballistic Gun 2 | 1 . 1 . . Ballistic Cannon . | . . . . . Launcher 2 | . . . . 2 Special Weapon . | . . . . . Impact Weapon . | . . . . . Slashing Weapon . | . . . . . Piercing Weapon . | . . . . . Special Melee Weapon . | . . . . . Unidentified Prototypes . | . . . . . Parts Lost 12 | . . 4 . 8 Power 1 | . . . . 1 Propulsion 4 | . . 2 . 2 Utility 1 | . . . . 1 Weapon 6 | . . 2 . 4 Highest Loss Streak 8 | . . 3 . 8 To Critical Strikes . | . . . . . Average Slot Usage (%) 97 | . 96 99 100 72 Engine 13 | . 14 14 14 8 Treads 17 | . . 23 28 19 Leg 10 | . 28 4 . . Device 11 | . 7 14 14 3 Storage 14 | . 14 14 14 14 Processor 1 | . 4 . . . Energy Gun 15 | . 14 16 14 8 Ballistic Gun 12 | . 14 11 14 8 Peak Build Rating 11 | 6 7 8 11 11 Average Rating 7 | 4 6 7 9 9 On Entrance 6 | . 6 7 8 11 Naked Turns . | . . . . . Heaviest Build 21 | 13 14 15 18 21 Greatest Support 40 | 20 20 40 40 40 Greatest Overweight (x) 3 | 1 . . . 3 Average Overweight (x) . | . . . . . Largest Inventory Capacity 10 | 8 8 8 10 10 Average Capacity 8 | 7 8 8 8 10 Most Carried 8 | 4 8 8 8 8 Average Carried 7 | 2 6 7 7 6 Final Capacity 10 | 8 8 8 10 10 Final Carried 8 | 4 8 8 8 6 Class Distribution -------------------- 99% | Mutant Dominant Class ---------------- Mutant | -10/Materials Mutant | -10/Mines Mutant | -10/Exiles Mutant | -9/Mines Resources | -11 -10 -10 -10 -9 ----------- Run | Yrd Mat Min Exi Min Matter Collected 463 | 274 92 97 . . Remotely . | . . . . . Salvage Created 696 | 52 339 292 . 13 Parts 27 | 1 16 8 . 2 Haulers Intercepted . | . . . . . Recyclers Shooed 1 | . 1 . . . Parts Field Recycled . | . . . . . Retrieved Matter . | . . . . . Parts Self-Destructed . | . . . . . Prevented . | . . . . . Kills | -11 -10 -10 -10 -9 ------- Run | Yrd Mat Min Exi Min Combat Hostiles Destroyed 16 | . 9 6 . 1 Guns 14 | . 9 5 . . AOE 1 | . . . . 1 Classes Destroyed 3 | 1 2 . . . Recycler 3 | 1 1 1 . . Swarmer 7 | . 5 2 . . Grunt 9 | . 4 4 . 1 Best Kill Streak 3 | 1 3 2 . 1 Combat Bots Only 3 | . 3 2 . 1 Max Kills in Single Turn 2 | 1 2 1 . 1 Gunslinging 1 | . 1 . . . Exploded 1 | . . . . 1 Melee . | . . . . . Uniques/NPCs Destroyed . | . . . . . Combat | -11 -10 -10 -10 -9 -------- Run | Yrd Mat Min Exi Min Hostile Shots Fired 142 | . 42 54 . 46 Missed 34 | . 10 13 . 11 Damage Taken 1574 | . 307 478 . 789 Core 271 | . 61 99 . 111 Absorbed by Shields . | . . . . . Core Remaining (%) 100 | 100 . . . . Volleys Fired 98 | 4 52 33 . 9 Largest 2 | 2 2 2 . 2 Hottest 100 | 70 70 100 . 85 Shots Fired 189 | 8 104 61 . 16 Gun 185 | 8 104 61 . 12 Cannon . | . . . . . Launcher 4 | . . . . 4 Special . | . . . . . Kinetic 76 | 4 52 14 . 6 Thermal 109 | 4 52 47 . 6 Explosive 4 | . . . . 4 Electromagnetic . | . . . . . Robot Hit Streak 8 | 4 8 8 . 8 Robot Miss Streak 5 | 2 4 5 . 2 Penetration Max . | . . . . . Secondary Targets 2 | . 1 1 . . Max Gunslinging Chain 1 | . 1 1 . . Shots Hit Robots 110 | 6 53 42 . 9 Core Hits 41 | 2 20 14 . 5 Critical Kills . | . . . . . Critical Parts Destroyed . | . . . . . Critical Strikes 9 | 1 3 5 . . Burn 9 | 1 3 5 . . Melee Attacks . | . . . . . Impact . | . . . . . Slashing . | . . . . . Piercing . | . . . . . Sneak Attacks . | . . . . . Combat Hostiles . | . . . . . Follow-up Attacks . | . . . . . Damage Inflicted 1377 | 60 539 486 . 292 Guns 1164 | 60 539 484 . 81 Cannons . | . . . . . Explosions 203 | . . . . 203 Melee . | . . . . . Ramming 10 | . . 2 . 8 Kinetic 340 | 22 216 75 . 27 Thermal 824 | 38 323 409 . 54 Explosive 203 | . . . . 203 Electromagnetic . | . . . . . Impact . | . . . . . Slashing . | . . . . . Piercing . | . . . . . Highest Corruption 1 | . 1 1 1 1 Average Corruption 1 | . 1 1 1 1 Corruption Purged . | . . . . . Corruption Blocked . | . . . . . Effects 21 | . 2 12 5 2 Message Errors 9 | . 1 5 2 1 Matter Fused 1 | . . 1 . . Heat Flow Errors 4 | . 1 2 1 . Energy Discharges 3 | . . 2 1 . Data Loss (minor) 1 | . . 1 . . Data Loss (major) 1 | . . . 1 . Misfires 1 | . . 1 . . Weapon Failures 1 | . . . . 1 Overload Shots . | . . . . . Overflow Damage . | . . . . . Projectiles . | . . . . . Explosions . | . . . . . Melee . | . . . . . Knockbacks . | . . . . . Impact . | . . . . . Kinetic . | . . . . . Secondary . | . . . . . Self-Inflicted Damage 114 | . . . . 114 Shots 3 | . . . . 3 Rammed 2 | . . 1 . 1 Targets Rammed 2 | . . 1 . 1 Kicked . | . . . . . Crushed . | . . . . . Highest Temperature 344 | 60 327 344 88 91 Average Temperature 90 | 30 57 147 50 37 Received Heat Transfer 432 | . 84 222 . 126 Effects 1 | . . 1 . . Shutdowns 1 | . . 1 . . Siege Activations . | . . . . . Robots Corrupted . | . . . . . Combat Hostiles . | . . . . . Parts Fried . | . . . . . Impact Corruptions . | . . . . . Robots Melted 1 | . . 1 . . Combat Hostiles 1 | . . 1 . . Parts Melted 9 | . 2 7 . . Heat Transferred 3048 | 185 1184 1555 . 124 Parts Sabotaged . | . . . . . Parts Stolen . | . . . . . Parts Stripped . | . . . . . Power Chain Reactions . | . . . . . Alert | -11 -10 -10 -10 -9 ------- Run | Yrd Mat Min Exi Min Peak Influence 187 | 5 187 182 . 33 Initial 52 | . 3 52 . . Average 53 | 3 76 48 . 9 Maximum Alert Level . | . . . . . Low Security (%) 100 | 100 100 100 . 100 Level 1 . | . . . . . Level 2 . | . . . . . Level 3 . | . . . . . Level 4 . | . . . . . Level 5 . | . . . . . High Security . | . . . . . Max Security . | . . . . . Squads Dispatched 2 | . 2 . . . Investigation 1 | . 1 . . . Extermination . | . . . . . Reinforcement 1 | . 1 . . . Assault . | . . . . . Garrison . | . . . . . Intercept . | . . . . . Searches Triggered . | . . . . . Construction Impeded . | . . . . . Haulers Reinforced . | . . . . . Active Scanning Responses . | . . . . . Cargo Convoy Interrupts . | . . . . . Stealth | -11 -10 -10 -10 -9 --------- Run | Yrd Mat Min Exi Min Distress Signals . | . . . . . Communications Jammed . | . . . . . Distress Signals . | . . . . . Times Spotted 28 | . 18 7 . 3 Peak Tracking Total 4 | . 4 3 . 3 Tactical Retreats 3 | . 3 . . . Traps | -11 -10 -10 -10 -9 ------- Run | Yrd Mat Min Exi Min Traps Triggered 1 | . 1 . . . Indirectly . | . . . . . Trap Hack Attempts . | . . . . . Triggered . | . . . . . Disarmed . | . . . . . Reprogrammed . | . . . . . Reused . | . . . . . Traps Extracted . | . . . . . Installed . | . . . . . Triggered . | . . . . . Machines | -11 -10 -10 -10 -9 ---------- Run | Yrd Mat Min Exi Min Machines Disabled . | . . . . . Max in Single Turn . | . . . . . Machines Repaired . | . . . . . Machines Dismantled . | . . . . . Machines Sabotaged . | . . . . . Overloaded Fab Kills . | . . . . . Hacking | -11 -10 -10 -10 -9 --------- Run | Yrd Mat Min Exi Min Machines Accessed 3 | . 2 . 1 . Terminals 2 | . 2 . . . Fabricators . | . . . . . Repair Stations . | . . . . . Recycling Units . | . . . . . Scanalyzers . | . . . . . Garrison Access . | . . . . . Total Hacks 6 | . 5 . 1 . Successful 3 | . 2 . 1 . Failed 3 | . 3 . . . Catastrophic 1 | . 1 . . . Database Lockouts . | . . . . . Manual 1 | . . . 1 . Terminals 5 | . 5 . . . Fabricators . | . . . . . Repair Stations . | . . . . . Recycling Units . | . . . . . Scanalyzers . | . . . . . Garrison Access . | . . . . . Terminal Hacks 3 | . 2 . 1 . Prototype ID Bank 2 | . 2 . . . Derelict Proto ID Bank 1 | . . . 1 . Fabricator Hacks . | . . . . . Repair Station Hacks . | . . . . . Recycling Unit Hacks . | . . . . . Scanalyzer . | . . . . . Garrison Access Hacks . | . . . . . Unauthorized Hacks . | . . . . . Terminals . | . . . . . Fabricators . | . . . . . Repair Stations . | . . . . . Recycling Units . | . . . . . Scanalyzers . | . . . . . Garrison Access . | . . . . . Data Cores Recovered . | . . . . . Used . | . . . . . Hacking Detections 2 | . 2 . . . Full Trace Events 1 | . 1 . . . Feedback Events 1 | . 1 . . . Corruption 1 | . 1 . . . Feedback Blocked . | . . . . . Robot Schematics Acquired . | . . . . . Robots Built . | . . . . . Authchips . | . . . . . Time . | . . . . . Total Robot Build Rating . | . . . . . Part Schematics Acquired . | . . . . . Parts Built . | . . . . . Authchips . | . . . . . Time . | . . . . . Total Part Build Rating . | . . . . . Parts Repaired . | . . . . . Time . | . . . . . Parts Recycled . | . . . . . Recycled Matter . | . . . . . Retrieved Matter . | . . . . . Retrieved Components . | . . . . . Parts Scanalyzed . | . . . . . Part Schematics Acquired . | . . . . . Parts Damaged . | . . . . . Bothacking | -11 -10 -10 -10 -9 ------------ Run | Yrd Mat Min Exi Min Used RIF Installer . | . . . . . Robots Hacked . | . . . . . Non-combat . | . . . . . Combat . | . . . . . Robot Hacks Applied . | . . . . . Relay Couplers Released . | . . . . . Fabnet Peak Effective % . | . . . . . Robots Rewired . | . . . . . Allies Hacked . | . . . . . Hacks Repelled . | . . . . . Allies | -11 -10 -10 -10 -9 -------- Run | Yrd Mat Min Exi Min Total Allies . | . . . . . Largest Group . | . . . . . Highest-Rated Group . | . . . . . Highest-Rated Ally . | . . . . . Total Orders . | . . . . . Ally Attacks . | . . . . . Total Damage . | . . . . . Kills . | . . . . . Allies Corrupted . | . . . . . Allies Melted . | . . . . . Intel | -11 -10 -10 -10 -9 ------- Run | Yrd Mat Min Exi Min Robot Analysis Total . | . . . . . Derelict Logs Recovered 1 | . . 1 . . Drone Launches . | . . . . . Drone Recoveries . | . . . . . Exploration | -11 -10 -10 -10 -9 ------------- Run | Yrd Mat Min Exi Min Turns Passed 2372 | 121 693 1084 394 80 Spaces Moved 1366 | 75 393 624 244 30 Core 11 | 8 . . . 3 Treads 806 | . . 535 244 27 Legs 549 | 67 393 89 . . Wheels . | . . . . . Hover . | . . . . . Flight . | . . . . . Fastest Speed 50 | 50 120 120 160 160 Average Speed 144 | 127 120 154 160 164 Slowest Speed 200 | 190 120 160 160 200 Overloaded Moves . | . . . . . Propulsion Burnouts . | . . . . . Robots Hopped . | . . . . . Cave-ins Triggered . | . . . . . Exploration Rate (%) 43 | 5 48 91 62 11 Regions Visited 4 Branch Regions 3 Pre-discovered Areas 1 | . . 1 . . Known Exits Taken 1 | . 1 . . . Unknown Exits Taken 3 | 1 . 1 1 . Scrap Searched 3 | . . 3 . . Spaces Dug 7 | . . . . 7 Terrain Destroyed 40 | . . . . 40 Melee . | . . . . . Projectile . | . . . . . AOE 40 | . . . . 40 Terrain Rammed . | . . . . . Walls Destroyed . | . . . . . Machines Disabled . | . . . . . Actions | -11 -10 -10 -10 -9 --------- Run | Yrd Mat Min Exi Min Total 1597 | 89 523 690 250 45 Wait 77 | . 61 16 . . Move 1362 | 74 392 623 243 30 Hop . | . . . . . Pick Up 19 | 4 7 6 1 1 Fast Attach 7 | 6 1 . . . Attach 7 | . . 4 . 3 Detach . | . . . . . Swap 10 | 1 4 3 1 1 Drop 15 | . 6 4 5 . Fire 98 | 4 52 33 . 9 Melee . | . . . . . Ram . | . . . . . Kick . | . . . . . Crush 2 | . . 1 . 1 Escape Stasis . | . . . . . Rewire . | . . . . . Trap . | . . . . . Miscellaneous . | . . . . . Route ------- -11/Scrapyard -10/Materials (discovered 3 exits: *Mat / *Min x2) -10/Mines (discovered 3 exits: *Mat x2 / *Exi) -10/Exiles -9/Mines History --------- Turn | Location | Event 2 | -11/Scrapyard | Met Revision 17 17 | -11/Scrapyard | Discovered new exit (range 16) 122 | -11/Scrapyard | Entered Materials 241 | -10/Materials | Discovered new exit (range 11) 308 | -10/Materials | Build established: Mutant 318 | -10/Materials | Identified exit to Mines 400 | -10/Materials | Discovered new exit (range 8) 422 | -10/Materials | Identified exit to Materials 519 | -10/Materials | Discovered exit to Mines (range 15) 815 | -10/Materials | Entered Mines 920 | -10/Mines | Learned Materials emergency access door positions 982 | -10/Mines | Core integrity fell below 50% 1010 | -10/Mines | Lost 3 parts (2n1w) 1189 | -10/Mines | Discovered exit to Materials (range 8) 1415 | -10/Mines | Received a Rocket Launcher from a helpful Derelict 1595 | -10/Mines | Discovered exit to Materials (range 10) 1766 | -10/Mines | Learned location of Storage (-8) 1891 | -10/Mines | Deemed a non-threat by the Exiles lab entrance 1893 | -10/Mines | Discovered new exit (range 5) 1899 | -10/Mines | Entered Exiles 1939 | -10/Exiles | Met 8R-AWN 1975 | -10/Exiles | Met EX-HEX 2021 | -10/Exiles | Met EX-BIN 2043 | -10/Exiles | Aligned with FarCom system 2045 | -10/Exiles | Given EX-Vault access code 2095 | -10/Exiles | Opened EX-Vault 2106 | -10/Exiles | Found Flying Fortress v7 2139 | -10/Exiles | Warned to stay clear of 0b10 Research branches 2163 | -10/Exiles | Exiles lab attacked by MAIN.C 2275 | -10/Exiles | Discovered new exit (range 14) 2293 | -10/Exiles | Left Exiles lab with Flying Fortress v7 2293 | -10/Exiles | Entered Mines 2350 | -9/Mines | Core integrity fell below 20% 2373 | -9/Mines | Destroyed by L-31 Rogue with Katana Last Messages --------------- ZX-C33 destroyed. Lgt. Ion Engine destroyed. Particle Gun destroyed. System corrupted: Lgt. Assault Rifle jammed. Sensor Array destroyed. The unstable cave ceiling collapses. Slammed into L-31 Rogue. G-34 Mercenary destroyed. Lgt. Treads destroyed. The unstable cave ceiling collapses. Acquired Sml. Laser. Lgt. Assault Rifle destroyed. Ion Engine severed. Acquired Rocket Launcher. The unstable cave ceiling collapses. :H38|QDTDJ 4#D,4PJ838U=GIK HN3JTMY% The unstable cave ceiling collapses. Rocket Launcher destroyed. Lgt. Treads destroyed. Sml. Laser destroyed. Map ----- +----------------------------------------------------+ | ???????????????????????????????????????????? | | ???????????????????????????????????????????? | | ???????????????????????????????????????????? | | ???????????????????????????????????????????? | | ???????????????????????????????????????????? | | ???????????????????????????????????????????? | | ???????????????????????????????????????????? | | ???????????????????????????????????????????? | | ???????????????????????????????????????????? | | ???????????????????????????????????????????? | | ???????????????????????????????????????????? | | ???????????????????????????????????????????? | | ???????????????????????????????????????????? | | ???????????????????????????????????????????? | | ???????????????????????????????????????????? | | ???????????????????????????????????????????? | | ???????????????????????????????????????????? | | ????????????????????????####???????????????? | | ???????????????????????## ##??????????????? | | ??????????????????????## ##?????????????? | | ??????????????????????# #?????????????? | | ??????????????????????# #?????????????? | | ?????????????????????## #?????????????? | | ?????????????????????# #??????????????? | | ?????????????????????# #??????????????? | | ?????????????????????# @l ##?????????????? | | ?????????????????????## ##????????????? | | ??????????????????????# ##???????????? | | ??????????????????????# ##??????????? | | ?????????????????????## #?#####????? | | ????????????????????## ### #????? | | ????????????????????# ## ####?? | | ????????????????????# ## #?? | | ????????????????????## #### # #?? | | ?????????????????????## #???# g# #?? | | ??????????????????????# ??### # #= #?? | | ??????????????????????# ?## # ###? | | ?????????????????????? ## #? | | ????????????????????? # = ##? | | ???????????????????? ###### #?? | | ???????????????????# ?????#### #?? | | ??????????????????????????????#### #?? | | ?????????????????????????????????## #?? | | ??????????????????????????????????## #?? | | ???????????????????????????????????# ##?? | | ???????????????????????????????????## ##??? | | ????????????????????????????????????# #???? | | ????????????????????????????????????# #???? | | ????????????????????????????????????# #???? | | ????????????????????????????????????# #???? | +----------------------------------------------------+ Best States ------------- Heat Dissipation 25 Energy Generation 10 Energy Capacity 250 Matter Stores 300 Matter Capacity 300 Sight Range 16 Robot Scan Range 14 Terrain Scan Density 10 Evasion (%) 55 Recoil Reduction 2 Item Schematics ----------------- None Robot Schematics ------------------ None Fabricated ------------ Nothing Alien Tech Used ----------------- None Achievements -------------- None Challenges ------------ None Game ------ Seed MiningMediumAxe Manual? 0 Play Time 00:19:38 Cumulative 12.1 hours Start 2025.03.10 @ 23:29:34 End 2025.03.11 @ 00:06:26 Sessions 1 Manual Loads 0 Difficulty Rogue Special Mode None Game No. 17 Rogue 17 Adventurer 0 Explorer 0 Win Type - Total 0 Types 0/0/0/0/0/0/0/0/0 Lore% 7 Gallery% 14 Achievement% 14 Wizard Run 0 Options --------- Layout 1 ASCII 0 Keyboard 1 Movement Numpad Keybinds 0 Fullscreen 1 Font 24/Smallcaps Map View 50x35 Zoom Use 0% Tactical HUD 0 Map Filters NONE Filters NONE Steam 1 RUN: b5ff4eac-fc77-400b-9763-50b9048c3ce2